 Dungeon Crawl Stone Soup version 0.25-a0-730-g633e9c3c14 (webtiles) character file.

Game seed: 15655698810219964157, levelgen mode: deterministic

13861 Amnesiac the Frost Mage (level 11, -3/61 HPs)
             Began as a Deep Elf Wizard on Apr 8, 2020.
             Was a High Priest of Vehumet.
             Splashed by an acid dragon's acid (12 damage)
             ... on level 11 of the Dungeon.
             The game lasted 00:40:49 (11446 turns).

Amnesiac the Frost Mage (Deep Elf Wizard)          Turns: 11446, Time: 00:40:50

Health: -3/61      AC: 10    Str:  4    XL:     11   Next: 81%
Magic:  28/30      EV: 18    Int: 27    God:    Vehumet [*****.]
Gold:   556        SH:  0    Dex: 16    Spells: 10/36 levels left

rFire    + . .     SeeInvis .   a - +7 long sword "Grim Tooth" {speed, rPois}
rCold    . . .     Gourm    .   (no shield)
rNeg     + . .     Faith    .   D - +2 robe "Lila" {rF+ rN+ Dex+3 Stlth+}
rPois    +         Spirit   .   A - +2 helmet
rElec    .         Reflect  .   o - +0 cloak
rCorr    .         Harm     .   r - +0 pair of gloves
MR       ++...                  w - +0 pair of boots
Stlth    +++.......             h - amulet of magic regeneration
HPRegen  0.20/turn              k - ring of protection from magic
MPRegen  0.47/turn              (no ring)

@: no status effects
A: no striking features
a: Renounce Religion


You were on level 11 of the Dungeon.
You worshipped Vehumet.
Vehumet was extremely pleased with you.
You were not hungry.

You visited 2 branches of the dungeon, and saw 12 of its levels.
You also visited: Ossuary.

You collected 934 gold pieces.
You spent 378 gold pieces at shops.

Inventory:

Hand Weapons
 a - the +7 long sword "Grim Tooth" (weapon) {speed, rPois}
   (You found it on level 7 of the Dungeon)

   Attacks with this weapon are significantly faster.
   It protects you from poison.
 E - the +7 battleaxe of Mastery {drain, MR+ Int+7}
   (You took it off an orc wizard on level 8 of the Dungeon)

   A truly terrible weapon, it drains the life of those it strikes.
   It affects your intelligence (+7).
   It affects your resistance to hostile enchantments.
 I - a +0 dagger of distortion
Missiles
 B - 19 poisoned darts (quivered)
Armour
 o - a +0 cloak (worn)
 r - a +0 pair of gloves (worn)
 w - a +0 pair of boots (worn)
 A - a +2 helmet (worn)
 D - the +2 robe "Lila" (worn) {rF+ rN+ Dex+3 Stlth+}
   (You found it on level 8 of the Dungeon)

   It affects your dexterity (+3).
   It protects you from fire.
   It protects you from negative energy.
   It makes you more stealthy.
 M - a +0 troll leather armour
Jewellery
 h - an amulet of magic regeneration (around neck)
 k - a ring of protection from magic (left hand)
 P - a +6 ring of dexterity {unknown}
Wands
 f - a wand of digging (2)
 n - a wand of scattershot (2)
 p - a wand of paralysis (11)
 t - a wand of random effects (40)
 x - a wand of iceblast (30)
 y - a wand of disintegration (15)
 G - a wand of clouds (4)
 H - a wand of polymorph (9)
 K - a wand of flame (18)
Scrolls
 c - 6 scrolls of remove curse {!r}
 e - 2 scrolls of magic mapping {!r}
 g - 4 scrolls of teleportation {!r}
 l - 2 scrolls of fear {!r}
 q - 9 scrolls of identify {!r}
 v - 2 scrolls of blinking {!r}
 z - 2 scrolls of enchant armour {!r}
 F - a scroll of brand weapon {!r}
 L - a scroll of noise {!r, unknown}
 O - a scroll of summoning {!r}
 Q - a scroll of immolation {!r, unknown}
Potions
 b - a potion of heal wounds {!q}
 i - 2 potions of curing {!q}
 j - 3 potions of flight {!q}
 m - 2 potions of cancellation {!q}
 s - 4 potions of brilliance {!q}
 u - a potion of mutation {!q}
 C - 3 potions of haste {!q}
 N - a potion of invisibility {!q, unknown}
Comestibles
 d - 20 rations
 J - 13 chunks of flesh


   Skills:
 - Level 4.0 Fighting
 + Level 8.2 Dodging
 - Level 2.4 Stealth
 + Level 13.1 Spellcasting
 - Level 1.1 Conjurations
 - Level 1.1 Summonings
 - Level 1.1 Translocations
 * Level 14.9 Ice Magic


You had 10 spell levels left.
You knew the following spells:

 Your Spells              Type           Power        Failure   Level  Hunger
a - Freeze                Ice            ####         0%          1    None
b - Frozen Ramparts       Ice            ######       0%          3    None
c - Ensorcelled Hibernat  Hex/Ice        ######       1%          2    None
d - Mephitic Cloud        Conj/Pois/Air  ###.....     2%          3    None
e - Magic Dart            Conj           ###.         1%          1    None
f - Call Imp              Summ           ###.....     3%          2    None
g - Conjure Flame         Conj/Fire      ###.....     2%          3    None
h - Irradiate             Conj/Tmut      ###.......   17%         5    ##.....
s - Sticky Flame          Conj/Fire      ###.....     7%          4    None
v - Blink                 Tloc           N/A          3%          2    None

Your spell library contained the following spells:

 Spells                   Type           Power        Failure   Level  Hunger
 Dazzling Flash           Conj/Hex       ###...       2%          3    None
 Inner Flame              Hex/Fire       ###.....     2%          3    None
 Corona                   Hex            ###....      3%          1    None
 Slow                     Hex            ###.....     4%          2    None
 Metabolic Englaciation   Hex/Ice        ######....   4%          5    ##.....
 Gell's Gravitas          Tloc           ###.......   6%          3    None
 Portal Projectile        Hex/Tloc       ###...       8%          3    None
 Confusing Touch          Hex            ###.....     10%         3    None
 Tukima's Dance           Hex            ###.....     10%         3    None
 Yara's Violent Unravell  Hex/Tmut       ###.......   22%         5    ##.....
 Cause Fear               Hex            ###.......   30%         4    None
 Leda's Liquefaction      Hex/Erth       ###.......   30%         4    None
 Petrify                  Tmut/Erth      ###.....     30%         4    None
 Borgnjor's Vile Clutch   Necr/Erth      ###.......   65%         5    ##.....
 Silence                  Hex/Air        ###.......   65%         5    ##.....
 Shadow Creatures         Summ           N/A          97%         6    ####...
 Darkness                 Hex            ###.......   99%         6    ####...


Dungeon Overview and Level Annotations

Branches:
Dungeon (11/15)            Temple (1/1) D:5            Lair (0/6) D:10
    Orc (0/2) D:9         Ossuary (visited)

Altars:
Ashenzari
Elyvilon
Fedhas
Hepliaklqana
Makhleb
Nemelex Xobeh
Okawaru
Qazlal
Ru
Trog
Vehumet
Wu Jian
Yredelemnul
The Shining One
Beogh

Shops:
D:4 (   D:7 (   D:8 !   D:10 (

Annotations:
D:10 exclusion: komodo dragon


Message History

HP restored.
Some of the chunks of flesh in your inventory have rotted away.
t - a wand of random effects (40) (gained 14 charges) Some of the chunks of flesh in your inventory have rotted away.
An electric eel comes into view.
You enter the shallow water.
The electric eel shoots out a bolt of lightning at you!
The bolt of electricity hits the plant.
The bolt of electricity hits you!
The electric eel shoots out a bolt of lightning at you!
The bolt of electricity hits the plant!
The bolt of electricity hits you!
Casting: Freeze (safe; 0% risk of failure)
Confirm with . or Enter, or press ? or * to list all spells.
Aiming: Freeze (safe; 0% risk of failure)
Press: ? - help, Shift-Dir - straight line, f - electric eel
Aim: an electric eel You freeze the electric eel!
The electric eel is heavily wounded.
The electric eel seems to slow down.
Casting: Freeze (safe; 0% risk of failure)
Confirm with . or Enter, or press ? or * to list all spells.
Aiming: Freeze (safe; 0% risk of failure)
Press: ? - help, Shift-Dir - straight line, f/p - electric eel
Aim: an electric eel (heavily wounded, slow)
You freeze the electric eel.
The electric eel is severely wounded.
The acid dragon roars!
The electric eel shoots out a bolt of lightning at you!
The bolt of electricity hits you!
* * * LOW HITPOINT WARNING * * *
Casting: Freeze (safe; 0% risk of failure)
Confirm with . or Enter, or press ? or * to list all spells.
Aiming: Freeze (safe; 0% risk of failure)
Press: ? - help, Shift-Dir - straight line, f/p - electric eel
Aim: an electric eel (severely wounded, slow)
You freeze the electric eel.
The electric eel is severely wounded.
The electric eel seems to slow down.
Casting: Freeze (safe; 0% risk of failure)
Confirm with . or Enter, or press ? or * to list all spells.
Aiming: Freeze (safe; 0% risk of failure)
Press: ? - help, Shift-Dir - straight line, f/p - electric eel
Aim: an electric eel (severely wounded, slow)
You freeze the electric eel.
The electric eel is almost dead.
The electric eel seems to slow down.
Casting: Freeze (safe; 0% risk of failure)
Confirm with . or Enter, or press ? or * to list all spells.
Aiming: Freeze (safe; 0% risk of failure)
Press: ? - help, Shift-Dir - straight line, f/p - electric eel
Aim: an electric eel (almost dead, slow)
You freeze the electric eel!
You kill the electric eel!
Vehumet accepts your kill.
You hear a splash.
Evoke which item? (* to show all) (? for menu, Esc to quit)
Aiming: Cloud Cone
Press: ? - help, Dir - move target cursor, f - acid dragon
Aim: an acid dragon You create a blast of noxious fumes!
The acid dragon spits acid at you. The splash of acid hits you!
* * * LOW HITPOINT WARNING * * *
You are splashed with acid!
You die...

♣###.########.
♣♣.≈♣♣♣♣♣♣.# #.
≈P≈≈≈♣.♣P♣.# ###.
≈≈≈≈.≈≈≈..#### #...
♣≈.≈PP♣♣≈....###...
♣≈.P♣ ♣♣..........
♣P≈≈ ♣..##.###...
♣.†♣♣###..##.# #..>
♣♣@P♣.....##.# ###)
♣P§≈♣.##.###.####).
#.#§§...........†)..
#.§D§.........÷.)#..
#.#§#§.######.##.##.
#...§.§........##.##.
....}......)..####.##.
.##.........))[# #)##)
##.....>.....# #.##.


You could see an acid dragon.

Vanquished Creatures
  Gastronok (D:8)
  Harold (D:9)
  An unseen horror (D:9)
  Pikel (D:9)
  A wizard (D:3)
  An ugly thing (D:9)
  A cyclops (D:11)
  Maggie (D:9)
  Psyche (D:9)
  3 kobold demonologists (D:10)
  2 trolls
  A hornet (D:6)
  A shadow (D:11)
  4 hogs (D:7)
  A human (D:7)
  A basilisk (D:11)
  4 yaks (D:10)
  Eustachio (D:7)
  A water moccasin (D:8)
  9 orc warriors
  4 slaves (D:9)
  2 black bears
  2 phantoms (D:5)
  2 ice beasts
  7 ogres
  A sky beast (D:8)
  3 centaurs
  3 big kobolds
  2 gnoll sergeants
  3 bullfrogs (D:8)
  A scorpion (D:5)
  15 wights
  A killer bee (D:5)
  An electric eel (D:11)
  A howler monkey (D:6)
  2 centaur zombies
  5 crimson imps
  2 bullfrog zombies
  2 centaur skeletons
  A gnoll shaman (D:8)
  2 jellies
  12 orc wizards
  9 orc priests
  3 hounds
  A bullfrog skeleton (D:6)
  Ijyb (D:3)
  3 iguanas
  13 worker ants
  2 big kobold zombies (Ossuary)
  2 hound zombies
  3 hound skeletons
  2 mummies (Ossuary)
  Robin (D:3)
  19 gnolls
  10 adders
  A shadow imp (D:5)
  An ooze (D:2)
  An adder skeleton (D:5)
  An adder zombie (D:8)
  2 worms (D:2)
  6 leopard geckos
  51 orcs
  6 giant cockroaches
  19 goblins
  14 hobgoblins
  5 jackals (D:4)
  20 kobolds
  6 quokkas
  5 bats
  12 frilled lizards
  A giant cockroach zombie (D:5)
  3 gnoll zombies (Ossuary)
  A goblin zombie (Ossuary)
  4 hobgoblin zombies (Ossuary)
  3 orc zombies (Ossuary)
  2 quokka skeletons
  A quokka zombie (D:8)
  9 rats
354 creatures vanquished.

Vanquished Creatures (collateral kills)
  Grinder (D:6)
  An ogre (D:4)
  3 orc wizards
  4 orcs
  3 jackals (D:4)
  A quokka (D:4)
  A quokka zombie (D:5)
14 creatures vanquished.

Vanquished Creatures (others)
  An orc (D:3)
1 creature vanquished.

Grand Total: 369 creatures vanquished

Notes
Turn   | Place    | Note
-------+----------+-------------------------------------------
     0 | D:1      | Amnesiac the Deep Elf Wizard began the quest for the Orb.
     0 | D:1      | Reached XP level 1. HP: 10/10 MP: 7/7
   231 | D:1      | Reached skill level 5 in Spellcasting
   252 | D:1      | Reached XP level 2. HP: 15/15 MP: 0/10
   256 | D:1      | Learned a level 2 spell: Blink
   259 | D:1      | Learned a level 2 spell: Call Imp
   699 | D:1      | Reached XP level 3. HP: 16/19 MP: 8/12
   704 | D:1      | Learned a level 3 spell: Conjure Flame
   708 | D:1      | Learned a level 3 spell: Mephitic Cloud
   873 | D:1      | Found a glowing golden altar of the Shining One.
  1273 | D:3      | Reached XP level 4. HP: 19/24 MP: 1/14
  1508 | D:3      | Found a bloodstained altar of Trog.
  1508 | D:3      | Found a white marble altar of Elyvilon.
  1549 | D:3      | Noticed Ijyb
  1656 | D:4      | Found Voquq's Antique Weapon Shoppe.
  1663 | D:4      | Noticed an ogre
  1719 | D:4      | Killed an ogre
  1719 | D:4      | Reached XP level 5. HP: 26/28 MP: 14/17
  1758 | D:4      | Noticed an ogre
  1773 | D:4      | Killed an ogre
  1870 | D:4      | Found a sand-covered staircase.
  1928 | D:4      | Reached XP level 6. HP: 31/32 MP: 5/19
  2191 | Ossuary  | Entered an ossuary
  2396 | Ossuary  | Reached skill level 5 in Dodging
  2485 | D:5      | Entered Level 5 of the Dungeon
  2516 | D:5      | Reached XP level 7. HP: 36/36 MP: 18/21
  2810 | D:5      | Reached skill level 10 in Spellcasting
  3348 | D:5      | Reached XP level 8. HP: 28/41 MP: 19/25
  3388 | D:5      | Found a staircase to the Ecumenical Temple.
  3395 | D:5      | Learned a level 2 spell: Ensorcelled Hibernation
  3401 | Temple   | Entered the Ecumenical Temple
  3407 | Temple   | Became a worshipper of Vehumet
  3463 | D:3      | Killed Ijyb
  3511 | D:3      | Reached skill level 1 in Ice Magic
  4039 | D:2      | Reached skill level 2 in Ice Magic
  4335 | D:3      | Reached * piety under Vehumet
  4335 | D:3      | Offered knowledge of Sandblast by Vehumet.
  4355 | D:3      | Found a bloodstained altar of Trog.
  4357 | D:3      | Noticed a wizard
  4368 | D:3      | Killed a wizard
  4368 | D:3      | Reached skill level 3 in Ice Magic
  4469 | D:3      | Noticed Robin
  4479 | D:3      | Killed Robin
  4479 | D:3      | Reached skill level 4 in Ice Magic
  5177 | D:5      | Reached skill level 5 in Ice Magic
  5463 | D:5      | Offered knowledge of Freeze by Vehumet.
  5467 | D:5      | Learned a level 1 spell: Freeze
  5471 | D:6      | Reached ** piety under Vehumet
  5524 | D:6      | Noticed Grinder
  5562 | D:6      | Killed Grinder
  5562 | D:6      | Reached skill level 6 in Ice Magic
  5562 | D:6      | Reached XP level 9. HP: 45/45 MP: 23/26
  5627 | D:6      | Reached skill level 1 in Fighting
  5709 | D:6      | Reached skill level 7 in Ice Magic
  6031 | D:6      | Reached skill level 8 in Ice Magic
  6150 | D:7      | Found Otuam's Antique Weapon Shoppe.
  6251 | D:7      | Found an iron altar of Okawaru.
  6335 | D:7      | Reached skill level 9 in Ice Magic
  6375 | D:7      | Offered knowledge of Frozen Ramparts by Vehumet.
  6380 | D:7      | Learned a level 3 spell: Frozen Ramparts
  6513 | D:7      | Noticed Eustachio
  6537 | D:7      | Reached skill level 10 in Ice Magic
  6681 | D:7      | Killed Eustachio
  6681 | D:7      | Reached XP level 10. HP: 56/56 MP: 17/27
  6687 | D:7      | Got a shimmering long sword
  6688 | D:7      | Identified the +7 long sword "Grim Tooth" {speed, rPois}
                  | (You found it on level 7 of the Dungeon)
  6904 | D:7      | Reached *** piety under Vehumet
  7347 | D:8      | Offered knowledge of Sticky Flame by Vehumet.
  7400 | D:8      | Noticed Gastronok
  7543 | D:8      | Learned a level 4 spell: Sticky Flame
  7877 | D:8      | Got a colourful robe
  7927 | D:8      | Killed Gastronok
  7927 | D:8      | Reached skill level 12 in Ice Magic
  7958 | D:8      | Identified the +2 robe "Lila" {rF+ rN+ Dex+3 Stlth+} (You
                  | found it on level 8 of the Dungeon)
  8084 | D:8      | Found Umaqyhy's Distillery.
  8091 | D:8      | Bought a potion of heal wounds for 70 gold pieces
  8091 | D:8      | Bought a potion of haste for 140 gold pieces
  8091 | D:8      | Bought a potion of brilliance for 56 gold pieces
  8091 | D:8      | Bought a potion of mutation for 112 gold pieces
  8112 | D:8      | Identified the +7 battleaxe of Mastery {drain, MR+ Int+7}
  8220 | D:8      | Found a sparkling altar of Nemelex Xobeh.
  8220 | D:8      | Found a basalt altar of Yredelemnul.
  8789 | D:9      | Noticed Pikel
  8807 | D:9      | Killed Pikel
  8869 | D:9      | Noticed Maggie
  8880 | D:9      | Killed Maggie
  8880 | D:9      | Reached skill level 13 in Ice Magic
  8983 | D:9      | Noticed Harold
  9071 | D:9      | Reached XP level 11. HP: 35/60 MP: 25/28
  9237 | D:9      | Reached **** piety under Vehumet
  9252 | D:9      | Found a roughly hewn altar of Beogh.
  9252 | D:9      | Found a staircase to the Orcish Mines.
  9332 | D:9      | Noticed an unseen horror
  9332 | D:9      | Killed an unseen horror
  9474 | D:9      | Noticed a red ugly thing
  9487 | D:9      | Killed a red ugly thing
  9610 | D:9      | Noticed Psyche
  9625 | D:9      | Killed Psyche
  9846 | D:9      | Killed Harold
  9968 | D:10     | Entered Level 10 of the Dungeon
 10113 | D:10     | Offered knowledge of Lee's Rapid Deconstruction by Vehumet.
 10115 | D:10     | Reached skill level 14 in Ice Magic
 10303 | D:10     | Found Ceib's Antique Weapon Boutique.
 10386 | D:10     | Found a staircase to the Lair.
 11111 | D:11     | Reached ***** piety under Vehumet
 11223 | D:11     | Offered knowledge of Irradiate by Vehumet.
 11230 | D:11     | Learned a level 5 spell: Irradiate
 11446 | D:11     | Splashed by an acid dragon's acid

Levels and vault maps discovered:
D:1:      lightli_arrival_noodles, layout_loops_cross, tso_altar
D:2:      layout_loops_ring, minmay_lizard_king
D:3:      layout_loops_ring, gammafunk_temple_overflow_elements, first_ration,
          trog_wizard, uniq_ijyb, uniq_robin
D:4:      layout_rooms, enter_ossuary_2, serial_shops, shop,
          kennysheep_generic_room_6
D:5:      layout_cave_pools, minmay_temple_entry_purple_smoke,
          minmay_divided_ellipse
D:6:      layout_rooms, minmay_misc_feat_rugged, uniq_grinder
D:7:      layout_loops_corners, basic_altar, serial_shops,
          nicolae_shop_statue_plus, grunt_livestock, sword_in_stone
D:8:      layout_loops_cross, gammafunk_temple_overflow_wave, serial_shops,
          shop, chequers_serial_rivers_small_a, uniq_gastronok
D:9:      layout_basic, david_orc_5, serial_curves, eino_curves_03,
          eino_curves_01, uniq_harold, uniq_maggie, uniq_pikel, uniq_psyche
D:10:     layout_long_grid, david_lair_shrubbed, serial_shops,
          nicolae_shop_crystal, grunt_ministairs_12
D:11:     layout_loops_ring, serial_shops, nicolae_shop_waterfront,
          serial_bayou_crossing
Temple:   eino_narrow_crystal_temple

Skill      XL: |  1  2  3  4  5  6  7  8  9 10 11 |
---------------+----------------------------------+-----
Spellcasting   | 5 6 7 8 9 11 13 | 13.1
Dodging        | 3 4 5 6 8 |  8.2
Ice Magic      | 6 10 13 14 | 14.9
Fighting       | 3 4 |  4.0
Stealth        | |  2.4
Conjurations   | |  1.1
Summonings     | |  1.1
Translocations | |  1.1

Action                   |  1- 3 |  4- 6 |  7- 9 | 10-12 || total
-------------------------+-------+-------+-------+-------++-------
Melee: Unarmed           |     1 |       |       |       ||     1
       Dagger            |       |    10 |       |       ||    10
       Falchion          |       |       |    12 |       ||    12
       Long sword        |       |       |       |    73 ||    73
 Cast: Magic Dart        |   100 |   148 |   409 |   178 ||   835
       Call Imp          |     1 |    10 |    19 |     6 ||    36
       Mephitic Cloud    |     1 |     8 |    18 |     1 ||    28
       Conjure Flame     |       |     4 |    10 |    10 ||    24
       Freeze            |       |       |    55 |   125 ||   180
       Frozen Ramparts   |       |       |     6 |    42 ||    48
       Sticky Flame      |       |       |       |    17 ||    17
       Blink             |       |       |       |     4 ||     4
Evoke: Wand              |       |       |     5 |     2 ||     7
  Use: Scroll            |       |     3 |     8 |     2 ||    13
       Potion            |       |       |     1 |       ||     1
 Stab: Sleeping          |     1 |       |       |     1 ||     2
  Eat: Chunk             |     1 |     3 |    13 |    15 ||    32
Armor: Robe              |     5 |    12 |    43 |    43 ||   103
Dodge: Dodged            |    19 |    51 |   135 |   202 ||   407
       Rpst.: Falchion   |       |       |    34 |       ||    34
       Long sword        |       |       |       |    50 ||    50

Table legend:
 A = Non-vault XP
 B = Vault XP
 C = Vault XP percentage of total XP
 D = Non-vault monster count
 E = Vault monster count
 F = Vault count percentage of total count
                 A         B        C        D         E       F
            +---------+---------+-------+---------+---------+-------
      Total |   11465 |    8337 |  42.1 |     273 |      91 |  25.0
            +---------+---------+-------+---------+---------+-------
        D:1 |      39 |       0 |   0.0 |      25 |       0 |   0.0
        D:2 |     106 |      11 |   9.4 |      20 |       9 |  31.0
        D:3 |     242 |     414 |  63.1 |      33 |      13 |  28.3
        D:4 |     349 |      39 |  10.1 |      20 |       2 |   9.1
        D:5 |     632 |     501 |  44.2 |      31 |      11 |  26.2
        D:6 |    1330 |     262 |  16.5 |      25 |       1 |   3.8
        D:7 |     707 |    1460 |  67.4 |      22 |      10 |  31.2
        D:8 |    1099 |    2234 |  67.0 |      23 |       1 |   4.2
        D:9 |    1465 |    3235 |  68.8 |       4 |      26 |  86.7
       D:10 |    3250 |      36 |   1.1 |      32 |       2 |   5.9
       D:11 |    2246 |       0 |   0.0 |      38 |       0 |   0.0
    Ossuary |       0 |     145 | 100.0 |       0 |      16 | 100.0
            +---------+---------+-------+---------+---------+-------
